 Dungeon Crawl Stone Soup version 0.22-a0-247-gbddf880 (webtiles) character file.

144 seren the Gusty (level 5, -1/42 HPs)
             Began as a Tengu Air Elementalist on Feb 26, 2018.
             Slain by Sigmund
             ... wielding a +0 scythe
              (2 damage)
             ... on level 2 of the Dungeon.
             The game lasted 00:18:13 (3507 turns).

seren the Gusty (Tengu Air Elementalist)            Turns: 3507, Time: 00:18:13

Health: -1/42      AC: 22    Str:  8    XL:     5   Next: 26%
Magic:  10/10      EV:  2    Int: 16    God:
Gold:   93         SH:  0    Dex: 15    Spells: 3/9 levels left

rFire    . . .     SeeInvis .   g - +0 dagger
rCold    . . .     Gourm    .   (no shield)
rNeg     + + +     Faith    .   (armour currently unavailable)
rPois    +         Spirit   .   (helmet currently unavailable)
rElec    .         Reflect  .   (cloak currently unavailable)
rCorr    .         Harm     .   (gloves currently unavailable)
MR       .....     NoTele   +   (boots unavailable)
Stlth    +.........             (no amulet)
HPRegen  0.14/turn              (no ring)
MPRegen  0.12/turn              (no ring)

@: confused, tree-form
A: able to fly 1
a: Fly


You were on level 2 of the Dungeon.
You were not hungry.
You were a tree.
You visited 1 branch of the dungeon, and saw 3 of its levels.

You collected 93 gold pieces.

Inventory:

Hand Weapons
 g - a +0 dagger (weapon)
Armour
 a - a +0 robe (melded)
Jewellery
 f - an uncursed ring of see invisible {unknown}
Scrolls
 d - a scroll of amnesia {unknown}
 e - a scroll of remove curse
 h - a scroll of magic mapping {unknown}
 j - a scroll of enchant weapon {unknown}
 l - a scroll of enchant armour {unknown}
 m - a scroll of identify
Comestibles
 b - 3 rations


   Skills:
 + Level 3.0 Dodging
 + Level 2.8 Stealth
 * Level 2.8 Spellcasting
 + Level 2.7 Conjurations
 * Level 5.3 Air Magic


You had 3 spell levels left.
You knew the following spells:

 Your Spells              Type           Power        Failure   Level  Hunger
a - Shock                 Conj/Air       ###.         3%          1    #......
b - Swiftness             Chrm/Air       ##......     10%         2    ##.....
c - Static Discharge      Conj/Air       ###.....     11%         3    ###....


Dungeon Overview and Level Annotations

Branches:
Dungeon (3/15)

Altars:
Uskayaw

Annotations:
D:1 exclusion: downstairs
D:2 Sigmund


Innate Abilities, Weirdness & Mutations

((You have a beak for a mouth.))
((You have claws for feet.))
You can fly.


Message History

You turn into a tree.
Your +0 robe melds into your body.
Your roots penetrate the ground.
The ball python bites you but does no damage.
The ball python grabs you. The ball python constricts you.
You closely miss the ball python.
The ball python bites you but does no damage.
* * * LOW HITPOINT WARNING * * *
The ball python constricts you. Something hits you.
* * * LOW HITPOINT WARNING * * *
You hit the ball python.
You kill the ball python!
You cannot move.
You cannot move.
You hear some strange, mumbled words.
You are confused.
Something hits you but does no damage. Something hits you.
* * * LOW HITPOINT WARNING * * *
Something hits you.
You die...

#......<......## ###
#.#............# #.(
#.#........#@#.###..
# #.................
#..#####...#.#.....#
##.....#...........$
## #.#...###...###
#####.#....##......
#.♣...#...>'......#
#.#####....########
#{#......{.........
#.......#########..
#.......####.......
#...#####..........
#...# #..........
#...# #..#.#.....
##### #.....@#...


There were no monsters in sight!

Vanquished Creatures
  An orc priest (D:3)
  2 adders (D:3)
  A worm (D:3)
  3 dart slugs
  5 leopard geckos
  4 orcs (D:3)
  5 ball pythons (D:2)
  6 bats
  3 giant cockroaches
  4 goblins
  8 hobgoblins
  10 jackals
  3 kobolds
  17 frilled lizards
  5 rats
77 creatures vanquished.

Notes
Turn   | Place    | Note
-------+----------+-------------------------------------------
     0 | D:1      | seren the Tengu Air Elementalist began the quest for the Orb.
     0 | D:1      | Reached XP level 1. HP: 10/10 MP: 4/4
   277 | D:1      | Reached XP level 2. HP: 13/15 MP: 1/6
   675 | D:1      | Learned a level 2 spell: Swiftness
   780 | D:1      | Reached XP level 3. HP: 19/19 MP: 4/7
   811 | D:1      | Learned a level 3 spell: Static Discharge
  1966 | D:2      | Noticed Sigmund
  2275 | D:2      | Found a hide-covered altar of Uskayaw.
  2326 | D:1      | Reached XP level 4. HP: 21/24 MP: 0/8
  2530 | D:2      | Reached skill level 5 in Air Magic
  3337 | D:3      | Gained mutation: You can fly. [Tengu growth]
  3337 | D:3      | Reached XP level 5. HP: 28/28 MP: 2/10
  3505 | D:2      | HP: 1/42 [something (2)]
  3507 | D:2      | Slain by Sigmund

Vault maps used:
D:1:      minmay_arrival_loop
D:2:      marbit_many_paths, serial_co_window_serial, co_window_paths_a,
          co_window_paths_a, co_window_corner_a, co_window_corner_a,
          co_window_corner_a, co_window_paths_a, co_window_paths_a,
          co_window_corner_a, co_window_of_opportunity_a,
          co_window_unsneaky_path_b, co_window_of_opportunity_b,
          co_window_corner_b, glass_columns_b, glass_columns_a, glass_columns_a,
          glass_columns_a, glass_columns_b, first_ration, minmay_lizard_king,
          uniq_sigmund
D:3:      okawaru_trees_1

Skill      XL: |  1  2  3  4 |
---------------+-------------+-----
Conjurations   | 2 |  2.7
Air Magic      | 5 |  5.3
Dodging        | 3 |  3.0
Stealth        | |  2.8
Spellcasting   | |  2.8

Action                   |  1- 3 |  4- 6 || total
-------------------------+-------+-------++-------
Melee: Unarmed           |     6 |       ||     6
       Peck              |     3 |     1 ||     4
       Dagger            |     2 |     7 ||     9
       Kick              |     1 |     1 ||     2
 Cast: Shock             |    98 |    72 ||   170
       Static Discharge  |     4 |     2 ||     6
       Swiftness         |     1 |     1 ||     2
  Use: Scroll            |     3 |     1 ||     4
       Potion            |       |     4 ||     4
  Eat: Chunk             |     4 |     3 ||     7
       Ration            |     1 |       ||     1
Armor: Robe              |     8 |     4 ||    12
       Skin              |       |    18 ||    18
Dodge: Dodged            |    26 |    23 ||    49

Table legend:
 A = Spawn XP
 B = Non-spawn XP
 C = Spawn XP percentage of total XP
 D = Spawn monster count
 E = Non-spawn monster count
 F = Spawn count percentage of total count
 G = Total turns spent on level
                    A         B        C        D         E        F      G
               +---------+---------+-------+---------+---------+-------+---------
         Total |       0 |     206 |   0.0 |       0 |      77 |   0.0 |  3507
               +---------+---------+-------+---------+---------+-------+---------
           D:1 |       0 |      59 |   0.0 |       0 |      29 |   0.0 |  1757
           D:2 |       0 |      46 |   0.0 |       0 |      31 |   0.0 |  1205
           D:3 |       0 |     101 |   0.0 |       0 |      17 |   0.0 |   545
               +---------+---------+-------+---------+---------+-------+---------
